[Event "*** SCC Grand Prix: Titled Tuesday Blitz"]
[Site "Chess.com"]
[Date "2020.08.11"]
[Round "7"]
[White "KingChess345"]
[Black "Babas"]
[Result "1/2-1/2"]
[WhiteElo "2203"]
[BlackElo "2450"]
[TimeControl "180+1"]
[EndTime "11:18:25 PDT"]
[Termination "Game drawn by stalemate"]

1. d4 Nf6 2. Nf3 c5 3. g3 cxd4 4. Nxd4 e5 5. Nb3 a5 6. c4 a4 7. N3d2 d5 8. cxd5 Qxd5 9. Nf3 Qxd1+ 10. Kxd1 Nc6 11. Nc3 Ng4 12. Ke1 Nb4 13. Rb1 Be6 14. h3 O-O-O 15. Bd2 Nc2+ 16. Kd1 Nxf2+ 17. Kxc2 Nxh1 18.
Be1 Bc5 19. Ng5 Bc4 20. Nxa4 Be3 21. Ne4 f5 22. Nd2 Bxd2 23. Bxd2 Nxg3 24. Nb6+ Kb8 25. Nxc4 Rhe8 26. Bc3 Rd5 27. e3 Ne4 28. Bg2 Rc8 29.
Bxe4 fxe4 30. Nb6 Rcd8 31. Nxd5 Rxd5 32. Rd1 Rc5 33. Rd7 b5 34. Rxg7 b4 35. Rxh7 bxc3 36. bxc3 Ra5 37. Kb3 Rb5+ 38. Kc4 Rb2 39. Kd5 Rxa2 40.
Kxe4 Rc2 41. Kxe5 Rxc3 42. e4 Kc8 43. Kf6 Kd8 44. e5 Ke8 45. e6 Rf3+ 46. Ke5 Re3+ 47. Kf5 Rf3+ 48. Ke4 Rf1 49. Ke5 Re1+ 50. Kf6 Rf1+ 51. Kg6 Rg1+ 52. Kh5 Rg3 53. h4 Re3 54. e7 Rxe7 55. Rxe7+ Kxe7 56. Kg6 Kf8 57. h5 Kg8 58. h6 Kh8 59. h7 1/2-1/2

[Event "*** SCC Grand Prix: Titled Tuesday Blitz"]
[Site "Chess.com"]
[Date "2020.08.11"]
[Round "7"]
[White "Anna_ChessMate"]
[Black "Nikithebest"]
[Result "0-1"]
[WhiteElo "2587"]
[BlackElo "2429"]
[TimeControl "180+1"]
[EndTime "11:18:26 PDT"]
[Termination "Nikithebest won on time"]

1. d4 Nf6 2. c4 c5 3. Nf3 cxd4 4. Nxd4 e5 5. Nf3 Nc6 6. Nc3 Bb4 7. Bg5 h6 8. Bxf6 Qxf6 9. Qd3 Nd4 10. O-O-O Nxf3 11. gxf3 Bxc3 12. Qxc3 d6 13. Kb1 Be6 14. Rxd6 Bf5+ 15.
Rd3 Bxd3+ 16. Qxd3 O-O 17. Bh3 Rfd8 18. Qc2 Rd4 19.
Bf5 Rad8 20. Bd3 a6 21. Rg1 Qd6 22. a3 Rc8 23. Qb3 b6 24. Ka1 Kf8 25. Ka2 Qc5 26.
Qa4 b5 27. Qxa6 bxc4 28. Bf5 Rb8 29. Rc1 Rd2 30. Rxc4 Rdxb2+ 31. Ka1 Qb6 32. Rc8+ Ke7 33. Rxb8 Qxb8 34. Qa5 Rb6 35. Bd3 Kf6 36. Qc5 Qd6 37.
Qc3 Qd4 38. Qxd4 exd4 39. Ka2 Ke5 40. a4 Rb8 41. a5 Kd5 42. a6 Kc5 43. Ka3 Kb6 44. Kb4 Rc8 45. f4 Rc3 46. f5 Rc1 47. f3 Rh1 48. Kc4 Rxh2 49. Kxd4 h5 50. Ke4 h4 51.
Kf4 Rg2 0-1

[Event "*** SCC Grand Prix: Titled Tuesday Blitz"]
[Site "Chess.com"]
[Date "2020.08.11"]
[Round "7"]
[White "hellokostya"]
[Black "FMJoseHerrera"]
[Result "0-1"]
[WhiteElo "2386"]
[BlackElo "2518"]
[TimeControl "180+1"]
[EndTime "11:18:26 PDT"]
[Termination "FMJoseHerrera won on time"]

1. Nf3 Nf6 2. e3 g6 3. d4 Bg7 4. Be2 d6 5. c4 O-O 6. Nc3 c6 7. O-O a6 8. b4 b5 9. a3 Nbd7 10. Bb2 bxc4 11. Bxc4 a5 12. e4 Nb6 13. Bd3 axb4 14. axb4 Rb8 15. h3 Be6 16. Qe2 Qc7 17. Rfc1 Nh5 18. d5 cxd5 19. Nxd5 Qd8 20. Bxg7 Nxg7 21. Nd4 Nxd5 22. exd5 Bxd5 23. b5 Ne6 24. Nc6 Bxc6 25. bxc6 Qb6 26. Rab1 Qc7 27. Be4 Rxb1 28.
Rxb1 Nc5 29. Bf3 Rc8 30. Qb5 e6 31. h4 h5 32. g3 Qe7 33. Kg2 Rc7 34. Qb6 d5 35. Rc1 Nd3 36. Qb8+ Kh7 37. Rd1 Ne5 38. Be2 Nxc6 39. Qb1 Rb7 40. Qc2 Qd6 41. Bxh5 Nb4 42. Qb1 Qa6 43. Bf3 Qa2 44. Qc1 Qc2 45. Qf4 Nd3 46.
Qe3 Rb3 47. h5 Nb2 48. Qg5 Rxf3 49. hxg6+ fxg6 50. Rh1+ Kg7 51. Qe7+ Rf7 52. Qh4 Qxf2+ 53. Kh3 Qf5+ 54. Kg2 Qf3+ 55. Kh2 Nd3 0-1

[Event "*** SCC Grand Prix: Titled Tuesday Blitz"]
[Site "Chess.com"]
[Date "2020.08.11"]
[Round "7"]
[White "chess94cu"]
[Black "Zkid"]
[Result "1/2-1/2"]
[WhiteElo "2598"]
[BlackElo "2841"]
[TimeControl "180+1"]
[EndTime "11:18:27 PDT"]
[Termination "Game drawn - insufficient material"]

1. e4 c5 2. Nf3 Nc6 3. Bb5 g6 4. Bxc6 bxc6 5. O-O Bg7 6. Re1 Qc7 7. c3 d6 8. d4 cxd4 9. cxd4 Bg4 10. Be3 Nf6 11.
Nc3 O-O 12. h3 Bxf3 13. Qxf3 Rab8 14. Qe2 Nd7 15. Rac1 Qa5 16. Red1 Rfc8 17. b3 e6 18.
Rc2 d5 19. Rdc1 Qb4 20. Qd3 Nb6 21. Ne2 Qb5 22. Qxb5 cxb5 23. Rxc8+ Rxc8 24. Rxc8+ Nxc8 25. exd5 exd5 26. Nc3 a6 27. Nxd5 Nd6 28. g4 a5 29.
Kf1 f5 30. f3 Kf7 31. Ke2 Ke6 32. Nf4+ Kd7 33. Kd3 a4 34. h4 axb3 35. axb3 fxg4 36. fxg4 Ne8 37. h5 gxh5 38. Nxh5 Bf8 39. Bf4 Ba3 40. d5 Bb2 41. Ke4 Ke7 42. Be5 Bc1 43. Kf5 Nd6+ 44. Bxd6+ Kxd6 45. Nf6 h6 46. Kg6 Kc5 47. Ng8 Kxd5 48.
Nxh6 Kc5 49. Nf5 Kb4 50. Nd4 Bb2 51. Nxb5 Kxb5 52. Kf7 Kb4 53. g5 Kxb3 54. g6 Bc3 55. g7 Bxg7 1/2-1/2

[Event "*** SCC Grand Prix: Titled Tuesday Blitz"]
[Site "Chess.com"]
[Date "2020.08.11"]
[Round "7"]
[White "Azeryahu"]
[Black "FairChess_on_YouTube"]
[Result "1-0"]
[WhiteElo "2790"]
[BlackElo "2977"]
[TimeControl "180+1"]
[EndTime "11:18:29 PDT"]
[Termination "Azeryahu won by resignation"]

1. c4 Nf6 2. Nc3 c5 3. Nf3 g6 4. d4 cxd4 5. Nxd4 d5 6. cxd5 Nxd5 7. Ndb5 Nxc3 8. Qxd8+ Kxd8 9. Nxc3 Bg7 10. Bd2 Nc6 11.
g3 Be6 12. Bg2 Kc8 13. O-O Rd8 14. Rfd1 Bxc3 15. Bxc3 Rxd1+ 16. Rxd1 Bxa2 17. Bxc6 bxc6 18. f3 Bc4 19. Ba5 Kb7 20. Rd7+ Ka6 21. Bc3 Bxe2 22. Rxe7 Bc4 23. Bd4 Bd5 24. Kf2 h5 25. h4 Kb5 26.
Rxa7 Re8 27. Ra3 Kc4 28. Be3 f5 29. Rc3+ Kb5 30. Ra3 Kb4 31. Bd2+ Kc4 32. Rc3+ Kb5 33. Ra3 Bc4 34. Be3 Rd8 35. Ra7 Rd1 36. Rb7+ Ka4 37.
Bc5 Bb5 38. Ke3 Kb3 39. Ba3 Kc2 40. Rg7 Re1+ 41. Kf4 Re6 42. Kg5 Bd3 43. Rxg6 Rxg6+ 44. Kxg6 f4+ 45. Kxh5 fxg3 46. Kg5 g2 47. Bc5 Kxb2 48. f4 Kc3 49. f5 Kc4 50. Bg1 Kd5 51. h5 Ke5 52.
Bh2+ Ke4 53. h6 1-0

[Event "*** SCC Grand Prix: Titled Tuesday Blitz"]
[Site "Chess.com"]
[Date "2020.08.11"]
[Round "7"]
[White "Gusarov91"]
[Black "sergiochess83"]
[Result "0-1"]
[WhiteElo "2656"]
[BlackElo "2825"]
[TimeControl "180+1"]
[EndTime "11:18:29 PDT"]
[Termination "sergiochess83 won by resignation"]

1. d4 Nf6 2. c4 g6 3. Nf3 Bg7 4. Nc3 d5 5. Bf4 O-O 6. e3 c5 7.
dxc5 Qa5 8. Rc1 dxc4 9. Bxc4 Qxc5 10. Bb3 Nc6 11. O-O Qa5 12. h3 Bf5 13. Qe2 Ne4 14.
Nd5 e5 15. Rxc6 exf4 16. Ne7+ Kh8 17. Rcc1 Rae8 18. Nxf5 Qxf5 19. Rfe1 fxe3 20. Qxe3 Bxb2 21. Rb1 Bc3 22. Rf1 Qc5 23. Qf4 Be5 24. Nxe5 Qxe5 25.
Qh6 Qg5 26. Qxg5 Nxg5 27. Bd5 b6 28. Rbc1 Re7 29. Rc4 Rd8 30. Bc6 Rc7 31. Rfc1 Rdc8 32. Kf1 Kg7 33. R4c2 Ne6 34. Be4 Rxc2 35. Rxc2 Rxc2 36.
Bxc2 Kf6 37. Bb3 Ke5 38. Bc4 f5 39. g3 g5 40. h4 h6 41. hxg5 hxg5 42. Ke1 Nc5 43. Kd2 Ne4+ 44. Ke3 f4+ 45. gxf4+ gxf4+ 46. Ke2 b5 47. Bg8 b4 48. f3 Nc5 49. Kd2 Kd4 50. Bf7 a5 51. Bg8 a4 52. Bf7 Nd3 53. Be8 a3 54. Bf7 Ne5 55. Bh5 b3 56. axb3 a2 57.
b4 a1=Q 58. b5 Qb2+ 0-1

[Event "*** SCC Grand Prix: Titled Tuesday Blitz"]
[Site "Chess.com"]
[Date "2020.08.11"]
[Round "7"]
[White "sergivila"]
[Black "wild_cat99"]
[Result "0-1"]
[WhiteElo "2446"]
[BlackElo "2637"]
[TimeControl "180+1"]
[EndTime "11:18:29 PDT"]
[Termination "wild_cat99 won on time"]

1. e4 c5 2. Nf3 d6 3. Bb5+ Bd7 4. Bxd7+ Qxd7 5. c4 Nf6 6. Nc3 g6 7.
d4 cxd4 8. Nxd4 Bg7 9. b3 O-O 10. Bb2 Nc6 11. O-O Rac8 12. Re1 a6 13. Qd2 h5 14.
Nxc6 bxc6 15. Rad1 Qa7 16. Na4 Nd7 17. Bxg7 Kxg7 18.
Qb2+ f6 19. Re3 Rh8 20. Qc3 Nc5 21. Nb2 h4 22. h3 g5 23. Rde1 Ne6 24. e5 dxe5 25.
Rxe5 Qd4 26. Qxd4 Nxd4 27. Rxe7+ Kg6 28. Nd3 Rcd8 29. Nc5 a5 30. Ra7 Ra8 31. Rxa8 Rxa8 32. Re7 Nc2 33. Re6 Nb4 34. f3 Kf5 35. Re2 Rd8 36. a3 Rd1+ 37. Kh2 Nd3 38. Ne6 Nc1 39. Re4 Nxb3 40. c5 Nd2 41. Nd4+ Kg6 42. Re6 Nc4 43. Nxc6 Nxa3 44. Nxa5 Nb5 45. c6 Rc1 46. Re7 f5 47.
Rb7 Nd6 48. Rd7 Nb5 49. Rb7 Nd6 50. Rb3 Kf6 51. Rd3 Nb5 0-1

[Event "*** SCC Grand Prix: Titled Tuesday Blitz"]
[Site "Chess.com"]
[Date "2020.08.11"]
[Round "7"]
[White "LaPorfia"]
[Black "Sultanasharminshirin"]
[Result "1-0"]
[WhiteElo "2250"]
[BlackElo "2034"]
[TimeControl "180+1"]
[EndTime "11:18:29 PDT"]
[Termination "LaPorfia won on time"]

1. d4 d5 2. Nf3 Nf6 3. Bf4 Bf5 4. e3 e6 5. Ne5 c6 6. g4 Be4 7. f3 Bg6 8. h4 Qa5+ 9. Nd2 h5 10. Nxg6 fxg6 11. Bd3 Bb4 12. c3 Be7 13. Bxg6+ Kd7 14.
g5 Ne8 15. e4 Bd6 16. Bxe8+ Rxe8 17. Bxd6 Kxd6 18. Nb3 Qb5 19. Qd2 Rf8 20. O-O-O a5 21. Nc5 Na6 22. Qh2+ Ke7 23. exd5 cxd5 24. Nxa6 Rxa6 25.
Qc7+ Qd7 26. Qe5 Kd8 27. Rhf1 Rf5 28. Qe3 Kc7 29. Rde1 Kb8 30. f4 Rb6 31. Qe2 Ka7 32. Qxh5 Qb5 33. Qe2 Qa4 34. a3 Qb3 35. Qc2 Qa2 36. Qb1 Qb3 37. h5 Qc4 38. Qc2 Rb3 39. Qe2 Qc6 40. Rf3 Qb6 41. h6 Rxb2 42. Qxb2 1-0

[Event "*** SCC Grand Prix: Titled Tuesday Blitz"]
[Site "Chess.com"]
[Date "2020.08.11"]
[Round "7"]
[White "johnathan113"]
[Black "Beca95"]
[Result "1/2-1/2"]
[WhiteElo "2717"]
[BlackElo "2880"]
[TimeControl "180+1"]
[EndTime "11:18:30 PDT"]
[Termination "Game drawn - insufficient material"]

1. d4 Nf6 2. Nc3 d5 3. Bf4 c5 4. e3 a6 5. dxc5 Qa5 6. a3 Qxc5 7. Nf3 e6 8. Bd3 Bd6 9. Bxd6 Qxd6 10. e4 dxe4 11.
Nxe4 Nxe4 12. Bxe4 Qxd1+ 13. Rxd1 Nd7 14. Nd4 Ke7 15.
O-O Nf6 16. Rfe1 Nxe4 17. Rxe4 g6 18. Nb3 Rd8 19. Rxd8 Kxd8 20. Na5 b6 21. Nc4 Kc7 22. Rh4 h5 23. Ne5 Bb7 24. Rc4+ Kd6 25. Nxf7+ Kd5 26. Rc7 Rb8 27. c4+ Kd4 28. Rd7+ Kc5 29. b4+ Kxc4 30. Nd6+ Kb3 31. Nxb7 Kxa3 32. Nd8 Rc8 33. h4 Kxb4 34. Nxe6 b5 35. Rb7 a5 36. Nc7 Rxc7 37. Rxc7 a4 38. g4 hxg4 39. Kf1 a3 40. Ke1 a2 41. Ra7 Kb3 42. Kd2 Kb2 43. Ra5 b4 44. Kd3 b3 45.
Kc4 Kc2 46. Ra3 a1=Q 47. Rxa1 b2 48. Ra2 Kc1 49. Rxb2 Kxb2 50. Kd3 Kc1 51. Ke3 Kd1 52. Kf4 Ke2 53. Kxg4 Kxf2 54. Kg5 Kg3 55. Kxg6 Kxh4 1/2-1/2

[Event "*** SCC Grand Prix: Titled Tuesday Blitz"]
[Site "Chess.com"]
[Date "2020.08.11"]
[Round "7"]
[White "Kislov_Oleg"]
[Black "aNaartjieZA"]
[Result "1/2-1/2"]
[WhiteElo "2385"]
[BlackElo "2503"]
[TimeControl "180+1"]
[EndTime "11:18:30 PDT"]
[Termination "Game drawn - insufficient material"]

1. e4 e6 2. d4 d5 3. Nc3 Bb4 4. exd5 exd5 5. Bd3 Nc6 6. Ne2 Nge7 7. O-O a6 8. Bg5 f6 9. Bh4 Be6 10. Nf4 Bf7 11.
Nh5 O-O 12. Bxf6 Bxh5 13. Bxe7 Bxd1 14. Bxd8 Bxc2 15. Bxc2 Raxd8 16. Bb3 Bxc3 17. bxc3 Na5 18. Rfe1 c6 19. Re7 Rf7 20. Rae1 Nxb3 21. axb3 Kf8 22. R7e5 g6 23. b4 Ra8 24. h4 a5 25.
bxa5 Rxa5 26. Re8+ Kg7 27. g3 Ra3 28. R1e3 h5 29. Kg2 Rb3 30. f4 Rf6 31. R8e7+ Rf7 32. Re8 Rf6 33. Kf3 b5 34. R8e7+ Rf7 35. Re8 b4 36. cxb4 Rxb4 37. Rc8 Rxd4 38. Rxc6 Rc4 39. Rxc4 dxc4 40. Rc3 Rc7 41. g4 hxg4+ 42. Kxg4 Kf6 43. Kf3 Kf5 44. Ra3 c3 45. Ra5+ Kf6 46. Ra6+ Kg7 47. Ra1 c2 48. Rc1 Kf6 49. Ke4 Rc4+ 50. Kd3 Rxf4 51.
Rxc2 Rxh4 52. Ke3 Rb4 53. Rc6+ Kg5 54. Kf2 Rg4 55. Kf3 Rf4+ 56. Kg3 Rb4 57. Rc5+ Kh6 58. Kh3 g5 59. Rc6+ Kh5 60. Rc8 Rb3+ 61. Kg2 Kh4 62.
Rc4+ g4 63. Rc2 Ra3 64. Rb2 Rg3+ 65. Kh2 Rh3+ 66. Kg2 Rc3 67. Kh2 Kg5 68. Kg2 Rc4 69. Rb5+ Kf4 70. Rb2 Rd4 71. Rf2+ Kg5 72. Ra2 Kf4 73. Rf2+ Ke3 74. Ra2 Rf4 75. Kg3 Rb4 76.
Ra3+ Ke2 77. Ra8 Ke3 78. Rg8 Re4 79. Rxg4 Rxg4+ 80. Kxg4 1/2-1/2

[Event "*** SCC Grand Prix: Titled Tuesday Blitz"]
[Site "Chess.com"]
[Date "2020.08.11"]
[Round "7"]
[White "chess4life23"]
[Black "queen_iryna"]
[Result "1-0"]
[WhiteElo "2427"]
[BlackElo "2244"]
[TimeControl "180+1"]
[EndTime "11:18:30 PDT"]
[Termination "chess4life23 won by resignation"]

1. d4 d6 2. e4 Nf6 3. Nd2 e5 4.
c3 d5 5. dxe5 Nxe4 6. Nxe4 dxe4 7. Qa4+ Bd7 8. Qxe4 Bc6 9. Qf4 Nd7 10. Bc4 Qe7 11.
Nf3 O-O-O 12. e6 fxe6 13. O-O e5 14. Qg4 h5 15. Qh3 Qc5 16. Be6 Bd6 17. Be3 Qa5 18. a4 Bxf3 19. Qxf3 Kb8 20. b4 Qa6 21. c4 Bxb4 22. Rfb1 Qxe6 23. Rxb4 b6 24. a5 e4 25. Qg3 Qe5 26. Qxe5 Nxe5 27. axb6 axb6 28. Rba4 Kb7 29. Ra7+ Kc6 30. c5 Nc4 31. Bf4 Rc8 32. Rc1 b5 33. Be3 Rhd8 34. Ra6+ Kb7 35. Rg6 c6 36. Rxg7+ Rc7 37. Rg5 Rcd7 38. h4 Rd1+ 39. Rxd1 Rxd1+ 40. Kh2 b4 41. Rxh5 b3 42. Rh7+ Ka6 43.
Rh8 b2 44. Rb8 b1=Q 45. Rxb1 Rxb1 46. h5 Nxe3 47. fxe3 Rb5 48. g4 Rxc5 49. h6 Rd5 50. h7 Rd8 51. g5 c5 52. g6 c4 53. g7 c3 54. g8=Q Rxg8 55. hxg8=Q c2 56. Qa2+ 1-0

[Event "*** SCC Grand Prix: Titled Tuesday Blitz"]
[Site "Chess.com"]
[Date "2020.08.11"]
[Round "7"]
[White "tteshan"]
[Black "Tsyhanchuk_Stanislav"]
[Result "0-1"]
[WhiteElo "2233"]
[BlackElo "2377"]
[TimeControl "180+1"]
[EndTime "11:18:30 PDT"]
[Termination "Tsyhanchuk_Stanislav won by resignation"]

1. e4 c5 2. Nf3 Nc6 3. d4 cxd4 4. Nxd4 Qb6 5. Nb3 Nf6 6. Be3 Qc7 7. f3 e6 8. c4 Bb4+ 9. Nc3 O-O 10. Be2 d5 11.
exd5 exd5 12. cxd5 Rd8 13. O-O Bxc3 14. bxc3 Nxd5 15.
Qc1 Nxe3 16. Qxe3 Qe5 17. Qxe5 Nxe5 18. Rad1 Be6 19. Nc5 Bxa2 20. Nxb7 Rxd1 21. Rxd1 Rb8 22. f4 Ng6 23. Bf3 Nxf4 24. Ra1 Bd5 25. Bxd5 Nxd5 26. Rxa7 Nxc3 27. Nd6 Rf8 28. h3 g6 29. Kh2 Kg7 30.
Rc7 Nd5 31. Rc5 Ne7 32. Rc7 Ng8 33. Kh1 Nf6 34. Kh2 Ne8 35. Nxe8+ Rxe8 36. Ra7 Re3 37. Rb7 h5 38. h4 Kf6 39. g3 Ke6 40. Ra7 f6 41. Ra6+ Kf5 42. Ra4 g5 43. hxg5 fxg5 44.
Ra5+ Re5 45. Ra3 Re4 46. Kg2 Kg4 47. Rb3 Re2+ 48. Kf1 Ra2 49. Rc3 Kh3 50. Rb3 g4 51. Rb5 Kxg3 52. Rxh5 Ra1+ 53. Ke2 Kg2 54. Rg5 g3 55.
Rg7 Ra2+ 56. Ke3 Rf2 57. Rg6 Rf7 58. Rg8 Kh2 59. Rh8+ Kg1 60. Rg8 g2 61. Ke2 Rf5 62. Ke3 Kf1 0-1

[Event "*** SCC Grand Prix: Titled Tuesday Blitz"]
[Site "Chess.com"]
[Date "2020.08.11"]
[Round "7"]
[White "Chessalary"]
[Black "creativity"]
[Result "1-0"]
[WhiteElo "2289"]
[BlackElo "2006"]
[TimeControl "180+1"]
[EndTime "11:18:31 PDT"]
[Termination "Chessalary won on time"]

1. e4 e5 2. Nf3 Nc6 3. Bc4 Nf6 4. d3 Be7 5. c3 O-O 6. O-O d6 7. h3 Na5 8. Bb5 a6 9. Ba4 b5 10. Bc2 Bb7 11. Nbd2 c5 12. Re1 Nc6 13. Nf1 Re8 14. Ne3 h6 15. Nf5 Bf8 16. Nh2 d5 17. Qf3 dxe4 18.
dxe4 Ne7 19. Nxh6+ gxh6 20. Qxf6 Ng6 21. Qf3 Bg7 22.
Ng4 Qh4 23. Kh2 Bc8 24. Ne3 Nf4 25. Nf5 Bxf5 26. exf5 Bf6 27. Bxf4 exf4 28. Rad1 Rad8 29. Be4 Re5 30. Rxd8+ Bxd8 31. Rd1 Qe7 32. Qxf4 Rxe4 33. Rxd8+ Kg7 34. Qg3+ Kf6 35. Rd6+ Kxf5 36. Rxh6 Qg5 37. Qf3+ Qf4+ 38. Qxf4+ Rxf4 39. Rh5+ Kg6 40. Rxc5 Rxf2 41. a4 bxa4 42. Ra5 Rxb2 43. Rxa6+ f6 44. Rxa4 Rc2 45. Rc4 Kg5 46. Kg3 f5 47. h4+ Kh5 48. Kh3 Kg6 49.
Rc5 Kf6 50. g4 fxg4+ 51. Kxg4 Rc1 52. h5 Rg1+ 53. Kf4 Rf1+ 54. Ke4 Re1+ 55. Kd3 Rd1+ 56.
Ke2 Rh1 57. Kd3 Ke6 58. h6 Kd6 59. Ra5 Kc6 60. Ra6+ 1-0

[Event "*** SCC Grand Prix: Titled Tuesday Blitz"]
[Site "Chess.com"]
[Date "2020.08.11"]
[Round "7"]
[White "GMaka"]
[Black "Matols"]
[Result "1-0"]
[WhiteElo "2349"]
[BlackElo "2207"]
[TimeControl "180+1"]
[EndTime "11:18:33 PDT"]
[Termination "GMaka won by resignation"]

1. b3 d5 2. Bb2 Nf6 3. Nf3 e6 4. c4 Be7 5. g3 O-O 6. Bg2 c6 7. O-O Nbd7 8. d3 Re8 9. Nc3 b6 10. e4 dxe4 11. dxe4 e5 12. Qc2 Qc7 13. Rad1 Nc5 14.
Nh4 Bg4 15. f3 Be6 16. Nf5 Rad8 17. Nxe7+ Rxe7 18. Ba3 Nfd7 19. Rf2 Ree8 20. Rfd2 f6 21. Bf1 Bf7 22. Bh3 Be6 23. Bf1 Bf7 24. Bh3 Ne6 25.
Bd6 Qc8 26. Bxe6 Bxe6 27. c5 bxc5 28. Na4 c4 29. bxc4 c5 30. Bxc5 Nxc5 31. Rxd8 Rxd8 32. Rxd8+ Qxd8 33. Nxc5 Qd4+ 34. Qf2 Qd1+ 35. Kg2 Bxc4 36. h4 a5 37. a4 h5 38. Kh2 Be2 39. Kg2 Kh7 40.
Ne6 Bc4 41. Nc5 Qa1 42. Kh2 Kg6 43. Kg2 Qc1 44. g4 hxg4 45. fxg4 Bf1+ 46. Qxf1 Qxc5 47. Qf5+ Kf7 48. Qd7+ Kg8 49. Qd8+ Kf7 50. Qd7+ Kg8 51. g5 fxg5 52. hxg5 Qc2+ 53. Kf3 Qd3+ 54. Qxd3 1-0

[Event "*** SCC Grand Prix: Titled Tuesday Blitz"]
[Site "Chess.com"]
[Date "2020.08.11"]
[Round "7"]
[White "GregShahade"]
[Black "Fandorine"]
[Result "0-1"]
[WhiteElo "2723"]
[BlackElo "2904"]
[TimeControl "180+1"]
[EndTime "11:18:35 PDT"]
[Termination "Fandorine won by resignation"]

1. e4 e5 2. Nf3 Nc6 3. Bb5 a6 4.
Ba4 Nf6 5. O-O b5 6. Bb3 Bc5 7.
c3 d6 8. a4 Rb8 9. d4 Bb6 10.
a5 Ba7 11. h3 O-O 12. Be3 Re8 13. Nbd2 exd4 14. cxd4 Nb4 15. Qb1 h6 16. Re1 Bb7 17.
e5 Nfd5 18. Qf5 dxe5 19. Nxe5 Qf6 20. Qxf6 gxf6 21. Ng4 h5 22. Nh6+ Kf8 23. Nf5 Nxe3 24. Rxe3 Rxe3 25. fxe3 c5 26. dxc5 Bxc5 27. Rc1 Rc8 28.
Rf1 Nc6 29. Rf4 Nxa5 30. Ba2 Rd8 31. Nf1 Nc6 32. Rh4 Bc8 33. Rxh5 Bxf5 34. Rxf5 Be7 35.
Kf2 Nb4 36. Bb1 Nd3+ 37. Kf3 Nxb2 38. Ng3 Nc4 39. Ne4 Rd1 40. Ba2 Rf1+ 41. Nf2 Ne5+ 42.
Ke2 Ra1 43. Bd5 Ra3 44. g4 Bc5 45. Nd1 Ke7 46. g5 Kd6 47. Be4 fxg5 48. Rxg5 Ra2+ 49. Kf1 Rd2 50. Nf2 Bxe3 51. Ng4 Bxg5 52. Bf5 Nxg4 53.
Bxg4 a5 54. Ke1 Rd5 55. h4 Bxh4+ 56. Ke2 Bf6 57. Kf3 Rc5 58. Ke4 Be5 59. Be2 f6 60. Bd3 a4 61. Kf3 a3 62. Bb1 b4 63. Ke4 b3 64. Kd3 0-1

[Event "*** SCC Grand Prix: Titled Tuesday Blitz"]
[Site "Chess.com"]
[Date "2020.08.11"]
[Round "7"]
[White "Carnivoras"]
[Black "Steven_Rojas"]
[Result "1-0"]
[WhiteElo "2659"]
[BlackElo "2467"]
[TimeControl "180+1"]
[EndTime "11:18:35 PDT"]
[Termination "Carnivoras won by resignation"]

1. d4 d5 2. c4 e6 3. Nf3 Nf6 4. g3 Be7 5. Bg2 O-O 6. O-O dxc4 7. Qc2 a6 8. Qxc4 b5 9. Qc2 Bb7 10. Bf4 Nbd7 11. Bxc7 Qc8 12. Rc1 Nd5 13. Ba5 Qxc2 14.
Rxc2 Rfc8 15. Nc3 b4 16. Nxd5 Bxd5 17. Ne1 Rxc2 18. Bxd5 exd5 19. Nxc2 Rb8 20. Ne3 Rb5 21. Bc7 g6 22. Rc1 Bf6 23. Rd1 Nf8 24. Be5 Be7 25. Rc1 f6 26. Bf4 Ne6 27. Rc8+ Kf7 28. Nc2 Nxf4 29. gxf4 b3 30. axb3 Rxb3 31. Ne3 Rxb2 32.
Kf1 Ke6 33. Rc6+ Bd6 34. Rxa6 Rd2 35. f5+ gxf5 36. Nxf5 Kxf5 37. Rxd6 Rxd4 38. e3 Rd2 39. Ke1 Ra2 40. Rxd5+ Ke4 41. Rd4+ Ke5 42. Rh4 Ra7 43. Ke2 Rg7 44. Kf3 f5 45. Rh5 Kf6 46. h3 Kg6 47. Rh4 Kg5 48. Rc4 Re7 49. Rc5 Kf6 50. Rc6+ Kg5 51.
Rc5 Re4 52. Rc7 h5 53. Kg3 h4+ 54. Kf3 Ra4 55. Rg7+ Kf6 56. Rg8 Ra1 57. Rc8 Rh1 58. Kg2 Rd1 59. Rc4 Kg5 60. Rf4 Rd7 61. Kf3 Ra7 62. Rc4 Ra1 63. Rc5 Rh1 64. e4 Rxh3+ 65.
Kg2 Rd3 66. Rxf5+ Kg4 67. f3+ Rxf3 68. Rxf3 h3+ 69. Rxh3 1-0

[Event "*** SCC Grand Prix: Titled Tuesday Blitz"]
[Site "Chess.com"]
[Date "2020.08.11"]
[Round "7"]
[White "Gorin_Leonid"]
[Black "Vsevolod_Ovchinnikov"]
[Result "1-0"]
[WhiteElo "2621"]
[BlackElo "2443"]
[TimeControl "180+1"]
[EndTime "11:18:35 PDT"]
[Termination "Gorin_Leonid won by resignation"]

1. e4 g6 2. d4 Bg7 3. Nf3 d6 4. h3 Nf6 5. Nc3 O-O 6. Be3 a6 7. a4 b6 8. Bc4 e6 9. e5 Nfd7 10. Bf4 d5 11. Be2 c5 12. O-O Nc6 13. Re1 cxd4 14.
Nxd4 Ndxe5 15. Nxc6 Nxc6 16. Bf1 d4 17. Ne4 e5 18. Bh2 Be6 19. c3 f5 20. Nd2 dxc3 21.
bxc3 e4 22. Qc2 Qf6 23. Rec1 Rfc8 24. Nc4 Bxc4 25. Bxc4+ Kh8 26. Qa2 Na5 27. Bd5 Ra7 28. c4 Nc6 29. Rab1 Nd4 30. Bf4 h6 31. Be3 Rd7 32.
Rd1 Nc6 33. Bxb6 Ne5 34. Bd4 Qg5 35. Kh1 Nd3 36. Bxg7+ Rxg7 37. Qe2 Qh4 38. Rf1 Nf4 39. Qe3 Rd8 40. Rfd1 Qg5 41. g3 Nxh3 42. Qxg5 Nxg5 43. Rb6 Nf3 44. Rxa6 Ne5 45. Rb1 Nd3 46. Kg2 h5 47. Rab6 Kh7 48. Rb7 Kh6 49. Rxg7 Kxg7 50. a5 Rd6 51. Rb6 Rxb6 52. axb6 Nc5 53. b7 Na6 54. c5 Kf6 55. c6 Ke5 56. Bc4 Nb8 1-0

[Event "*** SCC Grand Prix: Titled Tuesday Blitz"]
[Site "Chess.com"]
[Date "2020.08.11"]
[Round "7"]
[White "Xeniya2005"]
[Black "pastouche06"]
[Result "1-0"]
[WhiteElo "2370"]
[BlackElo "2491"]
[TimeControl "180+1"]
[EndTime "11:18:35 PDT"]
[Termination "Xeniya2005 won on time"]

1. e4 c6 2. d4 d5 3. Nd2 dxe4 4. Nxe4 Nf6 5. Nxf6+ exf6 6. c3 Bd6 7. Bd3 O-O 8. Ne2 Re8 9. Qc2 h5 10. Be3 Nd7 11.
O-O-O Nf8 12. h3 Be6 13. g4 h4 14. Kb1 b5 15. Rdg1 Bd5 16. g5 Bxh1 17. gxf6 Qxf6 18.
Rxh1 Ne6 19. Rg1 Nf4 20. Nxf4 Bxf4 21. Qd2 Bxe3 22. fxe3 Qh6 23. Re1 Re6 24. Qf2 Rae8 25. e4 Rf6 26. Qg2 Rg6 27. Qf2 Rg3 28. Bc2 Rxh3 29. e5 Rg3 30. Rf1 Re7 31. Bb3 Qg6+ 32. Ka1 Rg2 33. Qf3 Rg1 34. a3 Rxf1+ 35. Qxf1 Qg3 36.
Qf5 h3 37. e6 Qe1+ 38. Ka2 fxe6 39. Qxh3 Qe4 40. Qg3 Qf5 41. Qb8+ Kf7 42. Qh2 Qe4 43. Qf2+ Ke8 44. Qg3 Kd7 45. Qb8 g5 46. Qxa7+ Ke8 47.
Qb8+ Kf7 48. Qg3 Qf4 49. Qg2 g4 50. Qxc6 Qf3 51. d5 1-0

[Event "*** SCC Grand Prix: Titled Tuesday Blitz"]
[Site "Chess.com"]
[Date "2020.08.11"]
[Round "7"]
[White "tlomigtlis"]
[Black "poppy73"]
[Result "1-0"]
[WhiteElo "2423"]
[BlackElo "2246"]
[TimeControl "180+1"]
[EndTime "11:18:36 PDT"]
[Termination "tlomigtlis won on time"]

1. d4 Nf6 2. c4 g6 3. Nc3 Bg7 4.
g3 d6 5. Bg2 O-O 6. Nf3 Nc6 7.
O-O Bg4 8. d5 Na5 9. Nd2 c5 10. h3 Bd7 11. Qc2 a6 12. b3 b5 13.
Bb2 Rb8 14. Rab1 e5 15. dxe6 fxe6 16. cxb5 axb5 17. Nce4 Nxe4 18. Nxe4 Bxb2 19. Qxb2 Nb7 20. Rbc1 Qe7 21. b4 c4 22. Rfd1 d5 23. Nc3 Bc6 24. e4 dxe4 25. Nxe4 Bd5 26. Qe5 Rbd8 27. a3 Rf5 28.
Qd4 Nd6 29. g4 Rf4 30. Qc5 Bxe4 31. Rd4 Bxg2 32. Rxf4 Bd5 33. Re1 Rf8 34. Qe3 Rxf4 35. Qxf4 Qf8 36. Qe3 Qf3 37. Qxf3 Bxf3 38. Rxe6 Ne4 39.
Re8+ Kf7 40. Rc8 c3 41. Kf1 Bd1 42. Ke1 c2 43. f3 Nd6 44. Rc7+ Ke6 45. Kd2 Nc4+ 46.
Kc1 Nxa3 47. Rc3 Nc4 48. Rd3 Ne5 49. Re3 Kd5 50. f4 Nc4 51. Re1 1-0

[Event "*** SCC Grand Prix: Titled Tuesday Blitz"]
[Site "Chess.com"]
[Date "2020.08.11"]
[Round "7"]
[White "WIDBIFS"]
[Black "Azatic"]
[Result "0-1"]
[WhiteElo "2695"]
[BlackElo "2546"]
[TimeControl "180+1"]
[EndTime "11:18:38 PDT"]
[Termination "Azatic won by resignation"]

1. d4 Nf6 2. Nf3 g6 3. g3 Bg7 4. Bg2 O-O 5. O-O d6 6. c4 Nc6 7.
Nc3 a6 8. Bf4 Rb8 9. Rc1 Bg4 10.
d5 Na5 11. Qd3 c5 12. dxc6 Nxc6 13. Rfd1 Rc8 14. b3 Qa5 15. Qd2 b5 16. cxb5 axb5 17. h3 Bd7 18. Be3 Rfe8 19. Nd4 Nxd4 20. Bxd4 b4 21.
Nb1 e5 22. Ba1 Rxc1 23. Rxc1 d5 24. a4 Bf5 25. g4 Be4 26. f3 Bxb1 27. Rxb1 d4 28.
f4 exf4 29. Bf3 Ne4 30. Bxe4 Rxe4 31. Rc1 h5 32. Qd3 Re3 33. Qc4 Qg5 34. Bxd4 hxg4 35. Bxe3 gxh3+ 36. Kf1 fxe3 37. Qc8+ Bf8 38. Qxh3 Qf6+ 39.
Qf3 Qb2 40. Re1 Bh6 41. a5 Qa2 42. Qd5 Qc2 43. a6 Qc7 44. a7 Qxa7 45. Qf3 Qe7 46. Kg2 Kg7 47. Kf1 Qg5 48. Rd1 Qh4 49. Rd5 Bf4 50. Kg2 g5 51. Kf1 Qh2 52. Qg2 Qh4 53.
Rd1 Qh7 54. Rd4 Qb1+ 0-1